 Dungeon Crawl Stone Soup version 0.31.0-1-g2c135a008e (webtiles) character file.

Game seed: 11957609854549980445

79 qw the Shooter (level 4, -8/35 HPs)
             Began as a Djinni Hunter on Jan 23, 2024.
             Mangled by a gnoll
             ... wielding a +0 flail
              (11 damage)
             ... on level 3 of the Dungeon.
             The game lasted 00:00:05 (1633 turns).

qw the Shooter (Djinni Hunter)                      Turns: 1633, Time: 00:00:06

Health: -8/35      AC:  8    Str: 10    XL:     4   Next: 64%
Gold:   57         EV: 11    Int: 11    God:
                   SH:  0    Dex: 18

rFire   + + .        a - +0 shortbow
rCold   x . .        (shield currently unavailable)
rNeg    . . .        f - +0 ring mail
rPois   inf          (no helmet)
rElec   .            (no cloak)
rCorr   .            d - +2 pair of gloves
SInv    .            (boots unavailable)
Will    .....        (no amulet)
Stlth   +            (no ring)
HPRegen 0.25/turn    (no ring)
MPRegen 0.00/turn

%: infuse magic (-9 HP)
@: flying
A: sickness immunity, fire resistance 2, cold vulnerability 1, float, innate
caster, HP casting, extra vitality 1
a: no special abilities


You were on level 3 of the Dungeon.
You visited 1 branch of the dungeon, and saw 3 of its levels.

You collected 57 gold pieces.


Innate Abilities, Weirdness & Mutations

You are immune to sickness and miasma.
You are immune to poison.
Your flesh is very heat resistant. (rF++)
You are vulnerable to cold. (rC-)
You float through the air rather than walking.
You learn spells naturally, not from books.
Your magical power is your life essence.
You have superior vitality. (+4 MHP)


   Skills:
 - Level 3.0 Fighting
 + Level 4.1 Ranged Weapons
 - Level 1.2 Armour
 - Level 2.1 Dodging
 - Level 0.7 Stealth


You knew the following spells:

 Your Spells              Type           Power      Damage    Failure   Level
a - Freeze                Ice            0%         1d3       65%         1
Your spell library was empty.

Inventory:

Hand Weapons
 a - a +0 shortbow (weapon)
Armour
 d - a +2 pair of gloves (worn)
 f - a +0 ring mail (worn)
Scrolls
 b - a scroll of immolation {unknown}
Potions
 e - a potion of curing
 i - a potion of haste
 j - 2 potions of resistance

Dungeon Overview and Level Annotations

Branches:
Dungeon (3/15)

Altars:


Message History

You shoot an arrow. The arrow hits the gnoll.
You kill the gnoll!
The gnoll hits you from afar with a +0 spear!
The gnoll hits you but does no damage.
You shoot an arrow.
The arrow barely misses the ribbon worm.
The arrow hits the gnoll.
The gnoll is lightly wounded.
The ribbon worm bites you but does no damage.
The gnoll hits you but does no damage.
You shoot an arrow. The arrow hits the ribbon worm!
The ribbon worm is almost dead.
The gnoll barely misses you. The ribbon worm misses you.
You shoot an arrow.
The arrow barely misses the ribbon worm.
The arrow closely misses the gnoll.
The gnoll hits you from afar with a +0 spear.
The ribbon worm bites you but does no damage.
The gnoll barely misses you.
You shoot an arrow. The arrow hits the ribbon worm.
The ribbon worm is almost dead.
The ribbon worm barely misses you. The gnoll hits you but does no damage.
You shoot an arrow. The arrow hits the ribbon worm!
You kill the ribbon worm!
The gnoll hits you from afar with a +0 spear.
You shoot an arrow. The arrow hits the gnoll.
The gnoll is moderately wounded.
The gnoll hits you with a +0 flail! The gnoll hits you but does no damage.
You shoot an arrow. The arrow hits the gnoll!
The gnoll is severely wounded.
The gnoll hits you with a +0 flail. The gnoll barely misses you.
The gnoll closely misses you. The gnoll barely misses you.
You shoot an arrow. The arrow barely misses the gnoll.
The gnoll hits you with a +0 flail. The gnoll hits you but does no damage.
You shoot an arrow.
The arrow hits the gnoll but does no damage.
The gnoll is severely wounded.
The gnoll misses you. The gnoll hits you but does no damage.
The gnoll hits you with a +0 flail!
You die...

## g. .#
.#### .
....# >.
######g.#
...
####...@g.#
....
#...(######
.....
###.####
......##...#
.......<.###
......####
#####


You could see 2 gnolls.

Vanquished Creatures
  A gnoll (D:3)
  3 adders (D:2)
  2 dart slugs (D:1)
  3 ribbon worms
  2 ball pythons (D:2)
  5 endoplasms
  A giant cockroach (D:2)
  4 hobgoblins
  2 kobolds
  A quokka (D:2)
  5 bats
  3 frilled lizards (D:1)
  2 rats (D:2)
34 creatures vanquished.

Notes
Turn   | Place    | Note
-------+----------+-------------------------------------------
     0 | D:1      | qw the Djinni Hunter began the quest for the Orb.
     0 | D:1      | Reached XP level 1. HP: 18/18 MP: 0/0
     0 | D:1      | 0 ||| qw: Version: 0.3-a-134-g2ba4250
     0 | D:1      | 0 ||| qw: Game counter: 704
     0 | D:1      | 0 ||| qw: Melee chars always use a shield: true
     0 | D:1      | 0 ||| qw: God list: Okawaru
     0 | D:1      | 0 ||| qw: Allow faded altars: false
     0 | D:1      | 0 ||| qw: Do Orc after clearing Dungeon:15 true
     0 | D:1      | 0 ||| qw: Do second Lair branch before Depths: true
     0 | D:1      | 0 ||| qw: Lair rune preference: random
     0 | D:1      | 0 ||| qw: Goals: Normal
     0 | D:1      | 0 ||| PLANNING D:1-11
   301 | D:1      | Reached XP level 2. HP: 23/23 MP: 0/0
   662 | D:1      | 662 ||| UPGRADING to +2 pair of gloves.
   667 | D:1      | 667 ||| UPGRADING to +0 ring mail.
   677 | D:1      | 677 ||| DROPPING +0 leather armour.
   678 | D:1      | 678 ||| READING scroll labelled KUTEJIESTRI.
   679 | D:1      | 679 ||| READING scroll labelled LEDWACZ ZAKE.
   680 | D:1      | 680 ||| DRINKING 2 smoky inky potions.
   681 | D:1      | 681 ||| DRINKING 3 fuming coppery potions.
   682 | D:1      | 682 ||| DROPPING scroll of butterflies.
   757 | D:2      | Reached skill level 1 in Armour
   757 | D:2      | Reached XP level 3. HP: 17/28 MP: 0/0
   757 | D:2      | Learned a level 1 spell: Freeze
   943 | D:2      | Reached skill level 4 in Ranged Weapons
  1006 | D:2      | Reached XP level 4. HP: 34/34 MP: 0/0
  1246 | D:2      | Reached skill level 3 in Fighting
  1563 | D:2      | 1563 ||| READING scroll labelled SANUF DELA.
  1564 | D:2      | 1564 ||| READING 2 scrolls labelled INLIEWKE LAFET.
  1564 | D:2      | 1564 ||| IDENTIFYING inky potion
  1565 | D:2      | 1565 ||| READING scroll of identify.
  1565 | D:2      | 1565 ||| IDENTIFYING smoky dark potion
  1616 | D:3      | 1616 ||| RETREEEEATING.
  1621 | D:3      | HP: 8/35 [gnoll/+0 spear (3)]
  1621 | D:3      | HP: 2/35 [gnoll/+0 whip (6)]
  1622 | D:3      | 1622 ||| DRINKING potion of heal wounds.
  1630 | D:3      | HP: 8/35 [gnoll/+0 flail (8)]
  1632 | D:3      | HP: 3/35 [gnoll/+0 flail (2)]
  1633 | D:3      | Mangled by a gnoll

Levels and vault maps discovered:
D:1:      evilmike_arrival_crescent, layout_loops_ring
D:2:      layout_basic
D:3:      layout_rooms, fiery_altar_vehumet, ebering_dispersal_statue_hall

Skill      XL: |  1  2  3  4 |
---------------+-------------+-----
Armour         | 1 |  1.2
Ranged Weapons | 4 |  4.1
Fighting       | 3 |  3.0
Dodging        | |  2.1
Stealth        | |  0.7

Action                     |  1- 3 |  4- 6 || total
---------------------------+-------+-------++-------
   Fire: Shortbow          |    86 |    50 ||   136
    Use: Scroll            |     2 |     3 ||     5
         Potion            |     2 |     1 ||     3
 Armour: Leather armour    |     1 |       ||     1
         Ring mail         |    29 |    38 ||    67
  Dodge: Dodged            |    37 |    24 ||    61

Table legend:
 A = Non-vault XP
 B = Vault XP
 C = Vault XP percentage of total XP
 D = Non-vault monster count
 E = Vault monster count
 F = Vault count percentage of total count
                 A         B        C        D         E       F
            +---------+---------+-------+---------+---------+-------
      Total |     114 |       0 |   0.0 |      34 |       0 |   0.0
            +---------+---------+-------+---------+---------+-------
        D:1 |      20 |       0 |   0.0 |      10 |       0 |   0.0
        D:2 |      75 |       0 |   0.0 |      22 |       0 |   0.0
        D:3 |      19 |       0 |   0.0 |       2 |       0 |   0.0
            +---------+---------+-------+---------+---------+-------
